Cogmind - Beta 14 @@@ ROGUE MODE // 2024.12.24 @ 17:35:27 Player: K.Ioz Result: Destroyed by G-47 Trooper with Particle Gun Performance ------------- Evolutions (2) 1000 Regions Visited (6) 1200 Robots Destroyed (62) 310 Value Destroyed (1971) 1971 Prototype IDs (30) 600 Alien Tech Used (0) 0 Bonus (1696) 1696 TOTAL SCORE: 6777 Bonus ------- High Alert Combat Kills 133 Follower Combat Kills 63 Entered Garrisons 200 Used RIF Installer 1000 Aligned with FarCom 300 Cogmind --------- Core Integrity 0/550 Matter 159/300 Energy 0/100 System Corruption 2% Temperature Hot (212) Movement Core (150) Ox2 Location -8/Garrison Parts ------- > --- POWER (1) -------- (None) > --- PROPULSION (2) --- (None) > --- UTILITY (6) ------ (None) > --- WEAPON (2) ------- Field Lobotomy Kit > --- INVENTORY (5) ---- High-capacity Storage Unit High-capacity Matter Pod (200) Rocket Launcher Peak State ------------ > --- POWER ------------ Light Angular Momentum Engine > --- PROPULSION ------- Light Treads Light Treads > --- UTILITY ---------- Advanced Heat Sink Small Storage Unit Improved Terrain Scan Processor Advanced Targeting Computer Light Armor Plating Relay Coupler [Grunt] > --- WEAPON ----------- Heavy Particle Gun Assault Cannon > --- INVENTORY -------- Light Treads Light Treads High-capacity Storage Unit High-capacity Matter Pod Rocket Launcher Field Lobotomy Kit Makeshift Sword EM Surge Trap [Rating: 32] Favorites ----------- Power Ion Engine Engine Ion Engine Power Core Light Nuclear Core Propulsion Light Treads Treads Light Treads Leg Aluminum Leg Utility Small Storage Unit Device Advanced Heat Sink Storage Small Storage Unit Processor Advanced Targeting Computer Hackware Hacking Suite Protection Propulsion Shielding Weapon Assault Rifle Energy Gun Medium Laser Ballistic Gun Assault Rifle Ballistic Cannon Assault Cannon Launcher Grenade Launcher Special Weapon Field Lobotomy Kit Slashing Weapon Makeshift Sword Build | -11 -10 -10 -10 -9 -8 -8 ------- Run | Yrd Mat Min Exi Min Mat Gar Slots Evolved 4 | . . . . . 4 . Power . | . . . . . . . Propulsion . | . . . . . . . Utility 4 | . . . . . 4 . Weapon . | . . . . . . . Parts Attached 60 | 7 16 2 . . 21 14 Power 8 | 1 2 . . . 4 1 Engine 6 | 1 2 . . . 2 1 Core 2 | . . . . . 2 . Reactor . | . . . . . . . Propulsion 11 | 3 . 2 . . 3 3 Treads 10 | 2 . 2 . . 3 3 Leg 1 | 1 . . . . . . Wheel . | . . . . . . . Hover . | . . . . . . . Flight . | . . . . . . . Utility 16 | 1 3 . . . 9 3 Device 5 | . 1 . . . 4 . Storage 3 | 1 . . . . 2 . Processor 2 | . . . . . 2 . Hackware 2 | . . . . . 1 1 Protection 4 | . 2 . . . . 2 Artifact . | . . . . . . . Weapon 25 | 2 11 . . . 5 7 Energy Gun 11 | 2 5 . . . 2 2 Energy Cannon . | . . . . . . . Ballistic Gun 3 | . 3 . . . . . Ballistic Cannon 3 | . . . . . 2 1 Launcher 5 | . 3 . . . . 2 Special Weapon 2 | . . . . . 1 1 Impact Weapon . | . . . . . . . Slashing Weapon 1 | . . . . . . 1 Piercing Weapon . | . . . . . . . Special Melee Weapon . | . . . . . . . Unidentified Prototypes 1 | . . . . . 1 . Parts Lost 17 | . . . . . 2 15 Power 2 | . . . . . 1 1 Propulsion 5 | . . . . . . 5 Utility 7 | . . . . . 1 6 Weapon 3 | . . . . . . 3 Highest Loss Streak 12 | . . . . . 1 12 To Critical Strikes 1 | . . . . . . 1 Average Slot Usage (%) 97 | . 97 100 100 100 97 90 Engine 11 | . 14 14 14 14 6 8 Treads 24 | . 28 28 28 28 17 15 Device 6 | . 2 . . . 23 10 Storage 12 | . 14 14 14 14 9 9 Processor 5 | . . . . . 11 17 Hackware 1 | . . . . . 6 2 Protection 10 | . 9 14 14 14 1 7 Energy Gun 12 | . 14 14 14 14 8 8 Ballistic Gun 9 | . 13 14 14 14 5 . Ballistic Cannon 2 | . . . . . 3 8 Peak Build Rating 32 | 6 7 7 8 9 31 32 Average Rating 14 | 4 6 7 7 8 25 28 On Entrance 9 | . 6 7 7 8 9 28 Naked Turns 2 | . . . . . . 2 Heaviest Build 34 | 14 16 15 15 15 26 34 Greatest Support 40 | 40 40 40 40 40 40 40 Greatest Overweight (x) 1 | . . . . . . 1 Average Overweight (x) . | . . . . . . . Largest Inventory Capacity 20 | 8 8 8 8 8 20 8 Average Capacity 7 | 6 8 8 8 8 8 7 Most Carried 8 | 5 8 8 8 8 8 8 Average Carried 7 | 2 7 8 7 7 7 7 Final Capacity 8 | 8 8 8 8 8 8 5 Final Carried 8 | 5 8 8 8 8 8 3 Class Distribution -------------------- 67% | Mutant 18% | Scavenger-Mutant 7% | Scavenger-Skirmisher 6% | Skirmisher Dominant Class ---------------- Mutant | -10/Materials Mutant | -10/Mines Mutant | -10/Exiles Mutant | -9/Mines Scavenger-Skirmisher | -8/Materials Scavenger-Mutant | -8/Garrison Resources | -11 -10 -10 -10 -9 -8 -8 ----------- Run | Yrd Mat Min Exi Min Mat Gar Matter Collected 1534 | 270 329 253 . 10 419 253 Remotely . | . . . . . . . Salvage Created 1865 | 70 447 34 . 10 720 584 Parts 112 | 5 34 5 . 1 30 37 Haulers Intercepted 3 | . 1 . . . 2 . Recyclers Shooed . | . . . . . . . Parts Field Recycled . | . . . . . . . Retrieved Matter . | . . . . . . . Parts Self-Destructed . | . . . . . . . Prevented . | . . . . . . . Kills | -11 -10 -10 -10 -9 -8 -8 ------- Run | Yrd Mat Min Exi Min Mat Gar Combat Hostiles Destroyed 51 | . 14 2 . 1 13 21 Guns 22 | . 6 2 . 1 9 4 Cannons 14 | . . . . . 4 10 AOE 15 | . 8 . . . . 7 Classes Destroyed 11 | 1 4 . . . 5 1 Builder 1 | . . . . . 1 . Hauler 3 | . 1 . . . 2 . Recycler 2 | 1 1 . . . . . Operator 1 | . . . . . 1 . Watcher 4 | . 3 . . . 1 . Swarmer 19 | . 9 2 . 1 . 7 Grunt 21 | . 5 . . . 7 9 Brawler 2 | . . . . . 2 . Duelist 1 | . . . . . 1 . Sentry 7 | . . . . . 3 4 Specialist 1 | . . . . . . 1 Best Kill Streak 5 | 1 4 2 . 1 5 5 Combat Bots Only 5 | . 3 2 . 1 5 5 Max Kills in Single Turn 3 | 1 3 1 . 1 2 3 Gunslinging . | . . . . . . . Exploded 3 | . 3 . . . . 3 Melee . | . . . . . . . Uniques/NPCs Destroyed . | . . . . . . . Combat | -11 -10 -10 -10 -9 -8 -8 -------- Run | Yrd Mat Min Exi Min Mat Gar Hostile Shots Fired 261 | . 40 6 . 1 59 155 Missed 67 | . 12 2 . 1 21 31 Damage Taken 3013 | . 330 58 . . 626 1999 Core 627 | . 54 10 . . 126 437 Absorbed by Shields 56 | . . . . . 40 16 Redirected to Shielding 42 | . . 3 . . 39 . Core Remaining (%) 87 | 100 . . . 74 . . Volleys Fired 157 | 2 31 4 . 1 59 60 Largest 2 | 2 2 2 . 2 2 2 Hottest 99 | 90 80 70 . 70 99 99 Shots Fired 301 | 4 61 9 . 2 118 107 Gun 203 | 4 56 9 . 2 86 46 Cannon 90 | . . . . . 32 58 Launcher 8 | . 5 . . . . 3 Special . | . . . . . . . Kinetic 153 | . 30 5 . 1 59 58 Thermal 120 | 2 8 4 . 1 59 46 Explosive 8 | . 5 . . . . 3 Electromagnetic 20 | 2 18 . . . . . Robot Hit Streak 20 | 3 7 1 . 3 17 20 Robot Miss Streak 4 | . 4 3 . . 3 4 Penetration Max . | . . . . . . . Secondary Targets 1 | . 1 . . . . . Max Gunslinging Chain 1 | . 1 . . . . . Shots Hit Robots 207 | 3 30 3 . 2 92 77 Core Hits 114 | 3 25 2 . 1 35 48 Critical Kills . | . . . . . . . Critical Parts Destroyed . | . . . . . . . Critical Strikes 12 | . 1 . . 1 3 7 Burn 9 | . 1 . . 1 1 6 Blast 3 | . . . . . 2 1 Melee Attacks 1 | . . . . . . 1 Impact . | . . . . . . . Slashing 1 | . . . . . . 1 Piercing . | . . . . . . . Sneak Attacks . | . . . . . . . Combat Hostiles . | . . . . . . . Follow-up Attacks . | . . . . . . . Damage Inflicted 4692 | 40 873 43 . 26 1568 2142 Guns 2225 | 36 358 43 . 26 985 777 Cannons 1505 | . . . . . 583 922 Explosions 927 | . 515 . . . . 412 Melee 27 | . . . . . . 27 Ramming 8 | 4 . . . . . 4 Kinetic 2032 | . 185 43 . 13 869 922 Thermal 1596 | 24 83 . . 13 699 777 Explosive 894 | . 482 . . . . 412 Electromagnetic 135 | 12 123 . . . . . Impact . | . . . . . . . Slashing 27 | . . . . . . 27 Piercing . | . . . . . . . Highest Corruption 2 | . 1 1 1 1 . 2 Average Corruption 1 | . 1 1 1 1 . 2 Corruption Purged . | . . . . . . . Corruption Blocked . | . . . . . . . Effects 36 | . 9 17 5 5 . . Message Errors 10 | . 3 4 1 2 . . Matter Fused 7 | . 3 3 . 1 . . Heat Flow Errors 4 | . . 3 1 . . . Energy Discharges 8 | . 1 5 1 1 . . Data Loss (minor) 2 | . . 1 1 . . . Data Loss (major) 1 | . 1 . . . . . Misfires 2 | . 1 1 . . . . Alerts 2 | . . . 1 1 . . Overload Shots . | . . . . . . . Overflow Damage 32 | . . . . . 5 27 Projectiles 18 | . . . . . 5 13 Explosions 14 | . . . . . . 14 Melee . | . . . . . . . Knockbacks 22 | . . . . . 5 17 Impact . | . . . . . . . Kinetic 18 | . . . . . 4 14 Secondary 4 | . . . . . 1 3 Self-Inflicted Damage 108 | . 31 . . . . 77 Shots 5 | . 2 . . . . 3 Rammed 3 | 1 . . . . . 2 Targets Rammed 3 | 1 . . . . . 2 Kicked . | . . . . . . . Crushed . | . . . . . . . Highest Temperature 301 | 30 42 301 179 9 90 296 Average Temperature 71 | 16 14 108 94 6 54 102 Received Heat Transfer 1196 | . 72 . . . 266 858 Effects 2 | . . . . . . 2 Energy Bleed 2 | . . . . . . 2 Siege Activations . | . . . . . . . Robots Corrupted . | . . . . . . . Combat Hostiles . | . . . . . . . Parts Fried . | . . . . . . . Impact Corruptions . | . . . . . . . Robots Melted . | . . . . . . . Combat Hostiles . | . . . . . . . Parts Melted 3 | . . . . . 2 1 Heat Transferred 3922 | 74 322 . . 111 1702 1713 Parts Sabotaged . | . . . . . . . Parts Stolen . | . . . . . . . Parts Stripped . | . . . . . . . Power Chain Reactions 1 | . 1 . . . . . Alert | -11 -10 -10 -10 -9 -8 -8 ------- Run | Yrd Mat Min Exi Min Mat Gar Peak Influence 761 | 5 398 61 . 221 195 761 Initial 85 | . 3 61 . . 85 65 Average 121 | 3 175 9 . 59 44 427 Maximum Alert Level 3 | . 1 . . 1 . 3 Low Security (%) 76 | 100 69 100 . 74 100 6 Level 1 12 | . 30 . . 25 . 32 Level 2 9 | . . . . . . 49 Level 3 2 | . . . . . . 11 Level 4 . | . . . . . . . Level 5 . | . . . . . . . High Security . | . . . . . . . Max Security . | . . . . . . . Squads Dispatched 5 | . 3 . . . 2 . Investigation 1 | . 1 . . . . . Extermination . | . . . . . . . Reinforcement 3 | . 2 . . . 1 . Assault . | . . . . . . . Garrison 1 | . . . . . 1 . Intercept . | . . . . . . . Searches Triggered . | . . . . . . . Construction Impeded . | . . . . . . . Haulers Reinforced . | . . . . . . . Active Scanning Responses . | . . . . . . . Cargo Convoy Interrupts . | . . . . . . . Stealth | -11 -10 -10 -10 -9 -8 -8 --------- Run | Yrd Mat Min Exi Min Mat Gar Distress Signals 3 | . 2 . . . 1 . Communications Jammed . | . . . . . . . Distress Signals . | . . . . . . . Times Spotted 76 | . 24 2 . 1 22 27 Peak Tracking Total 9 | . 4 2 . 1 5 9 Tactical Retreats 3 | . . . . . . 3 Traps | -11 -10 -10 -10 -9 -8 -8 ------- Run | Yrd Mat Min Exi Min Mat Gar Traps Triggered 8 | . 3 . . . . 5 Indirectly . | . . . . . . . Trap Hack Attempts . | . . . . . . . Triggered . | . . . . . . . Disarmed . | . . . . . . . Reprogrammed . | . . . . . . . Reused . | . . . . . . . Traps Extracted . | . . . . . . . Installed 4 | . . 3 . . . 1 Triggered . | . . . . . . . Most Traps Carried 1 | . . . . . . 1 Machines | -11 -10 -10 -10 -9 -8 -8 ---------- Run | Yrd Mat Min Exi Min Mat Gar Machines Disabled 6 | . . . . . . 6 Max in Single Turn 1 | . . . . . . 1 Garrison Relay 1 | . . . . . . 1 Machines Repaired . | . . . . . . . Machines Dismantled . | . . . . . . . Machines Sabotaged . | . . . . . . . Overloaded Fab Kills . | . . . . . . . Hacking | -11 -10 -10 -10 -9 -8 -8 --------- Run | Yrd Mat Min Exi Min Mat Gar Machines Accessed 19 | . 6 1 1 . 9 2 Terminals 16 | . 6 . . . 8 2 Fabricators . | . . . . . . . Repair Stations . | . . . . . . . Recycling Units . | . . . . . . . Scanalyzers . | . . . . . . . Garrison Access 1 | . . . . . 1 . Total Hacks 56 | . 21 1 1 . 29 4 Successful 32 | . 10 1 1 . 19 1 Failed 24 | . 11 . . . 10 3 Catastrophic 2 | . 1 . . . . 1 Database Lockouts . | . . . . . . . Manual 31 | . 13 . 1 . 17 . Terminals 53 | . 21 . . . 28 4 Fabricators . | . . . . . . . Repair Stations . | . . . . . . . Recycling Units . | . . . . . . . Scanalyzers . | . . . . . . . Garrison Access 1 | . . . . . 1 . Terminal Hacks 16 | . 4 1 1 . 9 1 Robot Analysis 1 | . . . . . 1 . Prototype ID Bank 3 | . 2 . . . 1 . Open Door 1 | . . 1 . . . . Emergency Access Points 1 | . . . . . . 1 Unreport Threat 2 | . . . . . 2 . Locate Traps 3 | . 2 . . . 1 . Dispatch Records 1 | . . . . . 1 . Security Status 1 | . . . . . 1 . Patrol Status 1 | . . . . . 1 . Zone Layout 1 | . . . . . 1 . Derelict Proto ID Bank 1 | . . . 1 . . . Fabricator Hacks . | . . . . . . . Repair Station Hacks . | . . . . . . . Recycling Unit Hacks . | . . . . . . . Scanalyzer . | . . . . . . . Garrison Access Hacks 1 | . . . . . 1 . Unlock Access 1 | . . . . . 1 . Unauthorized Hacks 15 | . 6 . . . 9 . Terminals 15 | . 6 . . . 9 . Assimilate 1 | . . . . . 1 . Botnet 5 | . 2 . . . 3 . Skim 9 | . 4 . . . 5 . Fabricators . | . . . . . . . Repair Stations . | . . . . . . . Recycling Units . | . . . . . . . Scanalyzers . | . . . . . . . Garrison Access . | . . . . . . . Data Cores Recovered . | . . . . . . . Used . | . . . . . . . Hacking Detections 14 | . 6 . . . 7 1 Full Trace Events 2 | . 1 . . . . 1 Feedback Events . | . . . . . . . Feedback Blocked . | . . . . . . . Robot Schematics Acquired . | . . . . . . . Robots Built . | . . . . . . . Authchips . | . . . . . . . Time . | . . . . . . . Total Robot Build Rating . | . . . . . . . Part Schematics Acquired . | . . . . . . . Parts Built . | . . . . . . . Authchips . | . . . . . . . Time . | . . . . . . . Total Part Build Rating . | . . . . . . . Parts Repaired . | . . . . . . . Time . | . . . . . . . Parts Recycled . | . . . . . . . Recycled Matter . | . . . . . . . Retrieved Matter . | . . . . . . . Retrieved Components . | . . . . . . . Parts Scanalyzed . | . . . . . . . Part Schematics Acquired . | . . . . . . . Parts Damaged . | . . . . . . . Bothacking | -11 -10 -10 -10 -9 -8 -8 ------------ Run | Yrd Mat Min Exi Min Mat Gar Used RIF Installer 2 | . . . . . . 2 Watcher Feeds 1 | . . . . . . 1 Robots Hacked . | . . . . . . . Non-combat . | . . . . . . . Combat . | . . . . . . . Robot Hacks Applied . | . . . . . . . Relay Couplers Released 4 | . . . . . . 4 Machine Destruction 4 | . . . . . . 4 Attached 1 | . . . . . . 1 Fabnet Peak Effective % . | . . . . . . . Robots Rewired . | . . . . . . . Allies Hacked . | . . . . . . . Hacks Repelled . | . . . . . . . Allies | -11 -10 -10 -10 -9 -8 -8 -------- Run | Yrd Mat Min Exi Min Mat Gar Total Allies 4 | . . . . 3 1 . Largest Group 3 | . . . . 3 1 . Highest-Rated Group 40 | . . . . 40 16 . Highest-Rated Ally 16 | . . . . 16 16 . Total Orders . | . . . . . . . Ally Attacks 30 | . . . . 26 4 . Total Damage 300 | . . . . 251 49 . Kills 9 | . . . . 9 . . Allies Corrupted . | . . . . . . . Allies Melted . | . . . . . . . Intel | -11 -10 -10 -10 -9 -8 -8 ------- Run | Yrd Mat Min Exi Min Mat Gar Robot Analysis Total 1 | . . . . . 1 . Derelict Logs Recovered 2 | . . 1 . 1 . . Drone Launches . | . . . . . . . Drone Recoveries . | . . . . . . . Exploration | -11 -10 -10 -10 -9 -8 -8 ------------- Run | Yrd Mat Min Exi Min Mat Gar Turns Passed 10001 | 102 1193 3594 903 666 1804 1739 Spaces Moved 3806 | 54 626 682 564 409 686 785 Core 6 | 6 . . . . . . Treads 3799 | 47 626 682 564 409 686 785 Legs 1 | 1 . . . . . . Wheels . | . . . . . . . Hover . | . . . . . . . Flight . | . . . . . . . Fastest Speed 50 | 50 160 160 160 160 160 160 Average Speed 163 | 147 160 160 160 160 160 175 Slowest Speed 240 | 160 160 160 160 160 160 240 Overloaded Moves . | . . . . . . . Propulsion Burnouts . | . . . . . . . Robots Hopped . | . . . . . . . Cave-ins Triggered . | . . . . . . . Exploration Rate (%) 66 | 4 98 98 91 87 41 48 Regions Visited 6 Branch Regions 3 Pre-discovered Areas 1 | . . . . . 1 . Known Exits Taken 1 | . . . . . 1 . Unknown Exits Taken 5 | 1 1 1 1 1 . . Scrap Searched 4 | . . 1 . 3 . . Spaces Dug . | . . . . . . . Terrain Destroyed 36 | . 23 . . . 1 12 Melee . | . . . . . . . Projectile 1 | . . . . . 1 . AOE 35 | . 23 . . . . 12 Terrain Rammed . | . . . . . . . Walls Destroyed . | . . . . . . . Machines Disabled . | . . . . . . . Actions | -11 -10 -10 -10 -9 -8 -8 --------- Run | Yrd Mat Min Exi Min Mat Gar Total 7291 | 69 758 3176 565 419 1272 1032 Wait 3207 | . 59 2485 . 8 493 162 Move 3802 | 54 625 681 563 408 686 785 Hop . | . . . . . . . Pick Up 24 | 5 13 . 1 1 2 2 Fast Attach 28 | 7 5 . . . 11 5 Attach 7 | . . . . . 2 5 Detach 1 | . . . . . 1 . Swap 25 | . 11 2 . . 8 4 Drop 31 | 1 14 1 1 1 10 3 Fire 157 | 2 31 4 . 1 59 60 Melee 1 | . . . . . . 1 Ram . | . . . . . . . Kick . | . . . . . . . Crush 2 | . . . . . . 2 Escape Stasis 2 | . . . . . . 2 Rewire . | . . . . . . . Trap 4 | . . 3 . . . 1 Miscellaneous . | . . . . . . . Route ------- -11/Scrapyard -10/Materials (discovered 5 exits: [*Mat x3] / *Min x2) -10/Mines (discovered 4 exits: [*Mat x2] / *Exi / [*Sub]) -10/Exiles (discovered 2 exits: [*Min x2]) -9/Mines -8/Materials (discovered 6 exits: *Fac x3 / Sto x2 / Gar) -8/Garrison (discovered 2 exits: [*Mat x2]) History --------- Turn | Location | Event 11 | -11/Scrapyard | Discovered new exit (range 16) 103 | -11/Scrapyard | Entered Materials 309 | -10/Materials | Discovered new exit (range 16) 313 | -10/Materials | Build established: Mutant 478 | -10/Materials | Discovered new exit (range 6) 776 | -10/Materials | Discovered new exit (range 16) 936 | -10/Materials | Discovered new exit (range 10) 1019 | -10/Materials | Discovered new exit (range 5) 1296 | -10/Materials | Entered Mines 1307 | -10/Mines | Met a Derelict who couldn't figure out how to use a Trap Extractor 1340 | -10/Mines | Assembled infested the area 3939 | -10/Mines | Discovered new exit (range 6) 4132 | -10/Mines | Found a hidden stash of uninstalled traps 4195 | -10/Mines | Found DCF Scrap (14 items) 4217 | -10/Mines | Learned 2 Materials zone layouts 4476 | -10/Mines | Discovered new exit (range 13) 4548 | -10/Mines | Discovered new exit (range 3) 4550 | -10/Mines | Received a Rocket Launcher from a helpful Derelict 4880 | -10/Mines | Deemed a non-threat by the Exiles lab entrance 4882 | -10/Mines | Discovered new exit (range 5) 4890 | -10/Mines | Entered Exiles 4911 | -10/Exiles | Discovered new exit (range 15) 4930 | -10/Exiles | Met 8R-AWN 4956 | -10/Exiles | Met EX-HEX 5047 | -10/Exiles | Met EX-BIN 5070 | -10/Exiles | Aligned with FarCom system 5071 | -10/Exiles | Given EX-Vault access code 5110 | -10/Exiles | Opened EX-Vault 5117 | -10/Exiles | Found Field Lobotomy Kit 5146 | -10/Exiles | Warned to stay clear of 0b10 Research branches 5201 | -10/Exiles | Met EX-DEC 5258 | -10/Exiles | Visited The Gauntlet 5772 | -10/Exiles | Discovered new exit (range 10) 5793 | -10/Exiles | Left Exiles lab with Field Lobotomy Kit 5793 | -10/Exiles | Entered Mines 5906 | -9/Mines | A weapon hastily lodged in a ceiling crevice suddenly fell to the ground 6002 | -9/Mines | YI-UF0 nonchalantly dropped a Grenade Launcher on the ground 6050 | -9/Mines | Learned location of 1 exit from Materials 6111 | -9/Mines | Assisted by bots powering up and referring to "LRC-V3" 6429 | -9/Mines | Discovered new exit (range 15) 6459 | -9/Mines | Entered Materials 6459 | -8/Materials | Accompanied by 1 ally 6459 | -8/Materials | Evolved 4 slots: Utility x4 6460 | -8/Materials | Identified exit to Factory 6782 | -8/Materials | Build established: Skirmisher 7591 | -8/Materials | Build established: Scavenger-Skirmisher 8071 | -8/Materials | Learned location of Storage (-8) 8116 | -8/Materials | Identified exit to Storage 8171 | -8/Materials | Garrison activated, responded to threat 8172 | -8/Materials | Learned Storage garrison access intel 8185 | -8/Materials | Learned Factory trap positions 8186 | -8/Materials | Learned 4 Lower Caves zone layouts 8187 | -8/Materials | Learned location of 2 exits from Lower Caves 8192 | -8/Materials | Learned Factory stockpile data 8218 | -8/Materials | Build established: Scavenger-Mutant 8263 | -8/Materials | Identified exit to Garrison 8263 | -8/Materials | Entered Garrison 8513 | -8/Garrison | Triggered checkpoint 8647 | -8/Garrison | Triggered checkpoint 8837 | -8/Garrison | Installed Relay Interface Framework 8903 | -8/Garrison | Discovered new exit (range 13) 8933 | -8/Garrison | Triggered checkpoint 8945 | -8/Garrison | Discovered new exit (range 7) 9504 | -8/Garrison | Garrison Relay disabled 9605 | -8/Garrison | Triggered checkpoint 9814 | -8/Garrison | Expanded RIF knowledge: Watcher Feeds 9966 | -8/Garrison | Core integrity fell below 50% 9999 | -8/Garrison | Core integrity fell below 20% 10000 | -8/Garrison | Released all parts (3) 10002 | -8/Garrison | Destroyed by G-47 Trooper with Particle Gun Last Messages --------------- 09986_ Critical hit (Smash). 09986_ Adv. Targeting Computer destroyed. 09986_ System corrupted by crushing effect (+2). 09986_ Relay Coupler [Grunt] destroyed. 09986_ G-50 Soldier suffers critical hit (Burn). 09986_ G-50 Soldier knocked back. 09989_ Slammed into B-36 Bruiser. 09991_ Slammed into G-47 Trooper. 09992_ Overheating: Energy bleed (-7). 09993_ Flak Cannon destroyed. 09994_ G-50 Soldier overheating. 09995_ Lgt. Treads destroyed. 09995_ G-50 Soldier overheating. 09996_ Hvy. Particle Gun destroyed. 09998_ Lgt. Treads destroyed. 09999_ Knocked back. 10000_ Released Imp. Terrain Scan Processor. 10000_ Released Sml. Storage Unit. 10000_ Released Mak. Sword. 10000_ Critical hit (Burn: +37). Map ----- +----------------------------------------------------+ | ?????????????????????????????????????????????????? | | ?????????????????????????????????????????????????? | | ?????????????????????????????????????????????????? | | ???????????????????????????????? ????????????????? | | ???????????????????????????????? ????????????????? | | ???????????????????????????????? ????????????????? | | ???????????????????????????????? ????????????????? | | ???????????????????????????????? ????????????????? | | ?????+?????????????????????????? ????????????????? | | ???????????????????????????????? ????????????????? | | ???????????????????????????????# #???????????????? | | ???????????????????????????????# #???????????????? | | ?????+?????????????????#####???# #???????????????? | | ???????????????????????#"""#???# #???????????????? | | ???????????????????????#" "#???# #???????????????? | | ???????????????????????#" "#???# #???????????????? | | ???????????????????????#" "#???# #???????????????? | | ???????????????????????+ +???# #???????????????? | | ???????????????????????##=##???# #???????????????? | | ??????????????????????###=######/#######+###?????? | | ??????????????????????# [%=%* ?? | | ??????????????????????# [!!! ?? | | ?????????????????????## Y=g% ?? | | ?????????????????????#Tggb#######++######+#####??? | | ?????????????????????## #??????????????????????? | | ??????????????????????# @#??????????????+???????? | | ??????????????????????# /#??????????????????????? | | ??????????????????????# +??????????????????????? | | ??+??+??????+?????????# #??????????????????????? | | ?????????????????gg???# #??????????????????????? | | ???????????## ##""""## #??????????????????????? | | ???????????# #??????????????????????? | | ?????????? +??????????????????????? | | ?????????? +??????????????????????? | | ?????+?????# ## ## #??????????????????????? | | ???????????#^^^## ## ###????????????????????? | | ???????????" ^^ +????????????????????? | | ?????????+?" ^ #????????????????????? | | ???????????" * #????????????????????? | | ???????????" ^ [%[ +????????????????????? | | ???????????# ## # [ ###????????????????????? | | ?########### ## # # ##+#######???????????? | | ?# ^^ ^ #???????????? | | ?# #???????????? | | ?# #??+???# ^ ^ #???????????? | | ?# #??????## ## ##++#####+### #???????????? | | ?# #???????# ## #???????????# #???????????? | | ?# #???????# #######???????????# #???????????? | | ?# #???????# #?????????????????# #???????????? | | ?# #???????+ #?????????????????# #????????#### | +----------------------------------------------------+ Best States ------------- Heat Dissipation 50 Energy Generation 18 Energy Capacity 265 Matter Stores 300 Matter Capacity 300 Sight Range 16 Terrain Scan Range 16 Terrain Scan Density 110 Armor Coverage 225 Power Shielding 33 Propulsion Shielding 33 Evasion (%) 50 Targeting Accuracy 8 Recoil Reduction 2 Offensive Hacking 10 Relay Coupler Types 1 Relay Coupler Value 28 Item Schematics ----------------- None Robot Schematics ------------------ None Fabricated ------------ Nothing Alien Tech Used ----------------- None Achievements -------------- None Challenges ------------ None Game ------ Seed GrenadeMetafieldLink Manual? 0 Play Time 00:57:29 Cumulative 258.5 hours Start 2024.12.24 @ 16:30:11 End 2024.12.24 @ 17:35:27 Sessions 1 Manual Loads 0 Difficulty Rogue Special Mode None Game No. 172 Rogue 134 Adventurer 5 Explorer 33 Win Type - Total 6 Types 5/0/1/0/0/0/0/0/0 Lore% 41 Gallery% 67 Achievement% 65 Wizard Run 0 Options --------- Layout 2 ASCII 1 Keyboard 1 Movement Vi Keybinds 0 Fullscreen 1 Font 16/T_Terminus Map View 53x45 Zoom Use 0% Tactical HUD 1 Map Filters NONE Filters LOW_CONTRAST(47,30,31) Steam 1 RUN: 5bed04cc-707d-445b-95e2-7779e5c3b0e3